 Dungeon Crawl Stone Soup version 0.25-a0-804-g50c693f418 (webtiles) character file.

Game seed: 15863889931223451349, levelgen mode: deterministic

18253 sanka the Fighter (level 12, -7/102 HPs)
             Began as a Barachi Ice Elementalist on Apr 19, 2020.
             Was a High Priest of Vehumet.
             Mangled by a death yak (11 damage)
             ... led by a torpor snail
             ... on level 2 of the Lair of Beasts.
             The game lasted 00:52:13 (15309 turns).

sanka the Fighter (Barachi Ice Elementalist)       Turns: 15309, Time: 00:52:14

Health: -7/102     AC: 18    Str:  9    XL:     12   Next: 56%
Magic:  16/24      EV: 19    Int: 21    God:    Vehumet [*****.]
Gold:   768        SH:  5    Dex: 13    Spells: 8/27 levels left

rFire    . . .     SeeInvis .   a - +9 staff of Wucad Mu {channel, !a}
rCold    . . .     Gourm    .   K - +0 buckler {AC+3}
rNeg     . . .     Faith    +   e - +0 steam dragon scales
rPois    .         Spirit   .   x - +2 helmet
rElec    .         Reflect  .   i - scarf {repulsion}
rCorr    .         Harm     .   (no gloves)
MR       +....                  (no boots)
Stlth    ++........             o - amulet of faith
HPRegen  0.27/turn              t - ring of protection from magic
MPRegen  0.19/turn              g - ring of wizardry

@: icy armour, frozen ramparts, slowed, repel missiles, very slow
A: +LOS, swims, slowness 1, strong legs 1
a: Hop, Renounce Religion


You were on level 2 of the Lair of Beasts.
You worshipped Vehumet.
Vehumet was extremely pleased with you.
You were near starving.

You visited 3 branches of the dungeon, and saw 14 of its levels.
You also visited: Sewer and Bailey.

You collected 1118 gold pieces.
You spent 350 gold pieces at shops.


Innate Abilities, Weirdness & Mutations

You can be seen from farther away. (+LOS)
You can swim through water.
You cover ground slowly.
You can hop short distances.


   Skills:
 - Level 12.0 Fighting
 - Level 12.0 Dodging
 - Level 1.7 Stealth
 - Level 6.0 Shields
 - Level 8.0 Spellcasting
 - Level 4.0 Conjurations
 - Level 2.0 Summonings
 * Level 11.7 Ice Magic


You had 8 spell levels left.
You knew the following spells:

 Your Spells              Type           Power        Failure   Level  Hunger
a - Ozocubu's Armour      Chrm/Ice       ####....     1%          3    None
c - Sticky Flame          Conj/Fire      ###.....     4%          4    ###....
u - Hailstorm             Conj/Ice       #####...     1%          4    ###....
x - Summon Ice Beast      Ice/Summ       #####...     1%          4    ###....
y - Frozen Ramparts       Ice            ######       1%          3    None
z - Freeze                Ice            ####         1%          1    None

Your spell library contained the following spells:

 Spells                   Type           Power        Failure   Level  Hunger
 Orb of Destruction       Conj           ####......   71%         7    #######
 Magic Dart               Conj           ####         1%          1    None
 Summon Butterflies       Summ           ###.....     1%          1    None
 Ensorcelled Hibernation  Hex/Ice        ####..       1%          2    None
 Searing Ray              Conj           ####..       1%          2    None
 Dazzling Flash           Conj/Hex       ###...       1%          3    None
 Apportation              Tloc           #.....       3%          1    None
 Corona                   Hex            #......      3%          1    None
 Fulminant Prism          Conj/Hex       ###.......   4%          4    ###....
 Iskenderun's Mystic Bla  Conj/Tloc      ###.....     4%          4    ###....
 Confusing Touch          Hex            #.......     10%         3    None
 Lesser Beckoning         Tloc           #.........   10%         3    None
 Tukima's Dance           Hex            #.......     10%         3    None
 Alistair's Intoxication  Tmut/Pois      #.......     61%         5    #####..
 Invisibility             Hex            #.......     99%         6    ######.

Inventory:

Hand Weapons
 a - the +9 staff of Wucad Mu (weapon) {channel, !a}
 B - a +0 halberd
 L - a +2 broad axe of flaming
Missiles
 V - 2 curare-tipped darts {=f}
Armour
 e - +0 steam dragon scales (worn)
 i - a scarf of repulsion (worn)
 x - a +2 helmet (worn)
 K - a +0 buckler of protection (worn)
 U - a +1 robe of resistance
 W - a scarf of resistance
Jewellery
 g - a ring of wizardry (right hand)
 m - an uncursed amulet of magic regeneration
 o - an amulet of faith (around neck)
 q - an uncursed ring of resist corrosion
 t - a ring of protection from magic (left hand)
 v - an uncursed ring of protection from cold
 J - an uncursed amulet of guardian spirit {unknown}
 P - an uncursed amulet of rage {unknown}
 R - an uncursed amulet of guardian spirit {unknown}
Wands
 n - a wand of acid (13)
 w - a wand of iceblast (13)
 D - a wand of disintegration (40)
Scrolls
 k - 8 scrolls of remove curse
 l - 5 scrolls of blinking
 p - 5 scrolls of fog
 y - 9 scrolls of teleportation {@r4}
 E - 4 scrolls of enchant armour
 F - 3 scrolls of amnesia
 H - a scroll of silence {!r}
 I - a scroll of immolation {!r}
 T - a scroll of enchant weapon {unknown}
 X - a scroll of magic mapping {unknown}
 Y - a scroll of torment {unknown}
 Z - a scroll of identify {@r1}
Potions
 d - a potion of haste {@q3}
 f - a potion of cancellation {unknown}
 j - 2 potions of mutation {!q}
 r - 2 potions of lignification {!q}
 s - 3 potions of magic
 z - 3 potions of flight
 A - 3 potions of berserk rage {!q}
 C - 4 potions of might
 G - 2 potions of resistance
 M - a potion of stabbing {unknown}
 O - a potion of invisibility {unknown}
 Q - 2 potions of curing {unknown}
 S - 2 potions of brilliance {unknown}
Comestibles
 c - 37 rations

Dungeon Overview and Level Annotations

Branches:
Dungeon (11/15)            Temple (1/1) D:4            Lair (2/6) D:8
    Orc (0/2) D:10          Sewer (visited)          Bailey (visited)
  Swamp: Lair:2-4    Shoals: Lair:2-4     Snake: Lair:2-4    Spider: Lair:2-4

Altars:
Ashenzari
Cheibriados
Dithmenos
Elyvilon
Fedhas
Gozag
Hepliaklqana
Kikubaaqudgha
Makhleb
Nemelex Xobeh
Okawaru
Qazlal
Ru
Sif Muna
Trog
Uskayaw
Vehumet
Wu Jian
Xom
Yredelemnul
Zin
The Shining One

Shops:
D:6 *   D:8 }

Portals:
Trove: D:10 (give horn of Geryon)

Annotations:
Lair:1 exclusion: 2 oklob plants

▒.........(.. .▒ ▒...........▒
... ▒...........▒ ▒▒..▒.▒.▒
▒P>.........▒ ▒........
▒▒.........▒▒ ▒P...▒.▒▒
▒...Pf..▒..f▒ ▒▒▒ ▒▒...▒....
▒▒..........▒▒▒ ▒▒P▒▒ ▒▒....▒.▒.▒
▒......▒.P.▒..▒▒▒..P▒▒▒..........
▒▒....▒▒.P▒..†.YF....f........▒..
▒....▒▒..w....Y............[....
▒.....▒▒..........Y........▒.▒▒..
▒...w.......................▒.▒.▒
▒▒..............................▒
▒...........................▒..▒
▒▒..▒.▒....▒F................▒▒▒
...............P▒..........▒▒
.... ...............▒........▒▒▒


You could see 2 death yaks, a torpor snail (fleeing), a bullfrog (fleeing) and a
friendly ice beast.


Message History

The wall freezes the porcupine but do no damage.
The death yak barely misses you.
The wall freezes the death yak.
The death yak gores you!
* * * LOW HITPOINT WARNING * * *
As you read the scroll of fear, it crumbles to dust.
You assume a fearsome visage.
The bullfrog looks frightened!
The porcupine looks frightened!
The torpor snail looks frightened!
The death yak resists with almost no effort.
The death yak looks frightened!
The wall freezes the porcupine.
Your attack snaps the porcupine out of its fear.
The death yak misses you.
The wall freezes the porcupine!
You kill the porcupine!
Vehumet accepts your kill.
The wall freezes the death yak!
Your attack snaps the death yak out of its fear.
The death yak closely misses you.
The death yak gores you but does no damage.
Unknown command.
Unknown command.
A chill wind blows around you.
The wall freezes the death yak.
The death yak gores you!!
* * * LOW HITPOINT WARNING * * *
The death yak gores you!
You die...

Action                   |  1- 3 |  4- 6 |  7- 9 | 10-12 || total
-------------------------+-------+-------+-------+-------++-------
Melee: Unarmed           |     3 |       |       |       ||     3
       Short sword       |     5 |     2 |       |       ||     7
       Quarterstaff      |       |    23 |   115 |     1 ||   139
       Staff             |       |       |       |   388 ||   388
 Cast: Freeze            |    35 |    38 |   147 |   219 ||   439
       Frozen Ramparts   |     1 |     7 |    22 |    60 ||    90
       Ozocubu's Armour  |       |     5 |    20 |    55 ||    80
       Summon Ice Beast  |       |       |     3 |    14 ||    17
       Hailstorm         |       |       |     1 |    18 ||    19
 Abil: Hop               |       |       |     1 |       ||     1
  Use: Scroll            |       |     5 |     7 |     7 ||    19
       Potion            |       |       |     6 |       ||     6
 Stab: Sleeping          |       |     1 |       |     3 ||     4
       Paralysed         |       |       |     2 |       ||     2
       Confused          |       |       |     1 |       ||     1
       Petrifying        |       |       |     1 |       ||     1
  Eat: Chunk             |     1 |     8 |    15 |    35 ||    59
       Ration            |       |       |     1 |       ||     1
Armor: Robe              |       |     7 |    63 |    10 ||    80
       Steam dragon scal |       |       |       |   177 ||   177
Dodge: Dodged            |    28 |    42 |   168 |   541 ||   779
       Repelled          |       |       |       |     4 ||     4
Block: Buckler           |       |       |       |   161 ||   161

Levels and vault maps discovered:
D:1:      dpeg_arrival_simpleton_b, layout_basic
D:2:      layout_basic, uniq_crazy_yiuf_cottage, uniq_sigmund
D:3:      layout_basic
D:4:      layout_basic, minmay_temple_entry_ruins
D:5:      layout_gridville, slow_altar_2, nicolae_overflow_crystal_walls,
          cheibrodos_sewer_entry_bend, first_ration, minmay_starry_boxes
D:6:      layout_loops_ring, serial_shops, shop, basic_altar,
          minmay_misc_feat_more_columns, st_stairs_1
D:7:      layout_loops_corners, nicolae_gozag_cash_rules_everything_around_me,
          kennysheep_mini_moat, makhleb_altar_promises_db, enter_bailey_7,
          uniq_menkaure
D:8:      layout_cave_pools, good_gods_mini_temple, lemuel_round_altar,
          cheibrodos_ashenzari_chains, gammafunk_temple_overflow_wave,
          serial_shops, shop_fountains, uniq_maggie
D:9:      layout_loops_cross, kennysheep_mini
D:10:     layout_cave_pools, zombieorc2_lemuel, trove_entry_hex_spiral,
          grunt_tengu_nest
D:11:     minmay_inner_zag, layout_gridville, mrwooster_statue_mirror
Temple:   compressed_dpeg_triangle_lava_temple
Lair:1:   layout_cave_pods, minmay_lair_oklob_chamber
Lair:2:   layout_gridlike, guppyfry_snake_entry_island,
          gammafunk_ghost_hydra_chop, minivault_27

Notes
Turn   | Place    | Note
-------+----------+-------------------------------------------
     0 | D:1      | sanka the Barachi Ice Elementalist began the quest for the
                  | Orb.
     0 | D:1      | Reached XP level 1. HP: 13/13 MP: 3/3
   243 | D:1      | Reached XP level 2. HP: 18/19 MP: 3/5
   285 | D:1      | Reached skill level 3 in Spellcasting
  1120 | D:2      | Reached XP level 3. HP: 23/24 MP: 4/8
  1176 | D:2      | Learned a level 3 spell: Frozen Ramparts
  1180 | D:2      | Learned a level 3 spell: Ozocubu's Armour
  1251 | D:2      | Noticed Sigmund
  1258 | D:2      | Killed Sigmund
  1258 | D:2      | Reached skill level 4 in Spellcasting
  1258 | D:2      | Reached skill level 6 in Ice Magic
  1258 | D:2      | Reached XP level 4. HP: 22/30 MP: 2/10
  1258 | D:2      | Reached XP level 5. HP: 26/35 MP: 2/11
  1347 | D:2      | Learned a level 4 spell: Summon Ice Beast
  1590 | D:2      | Found a runed translucent door.
  1591 | D:2      | Noticed Crazy Yiuf
  1860 | D:2      | Killed Crazy Yiuf
  1860 | D:2      | Reached XP level 6. HP: 42/42 MP: 3/12
  2292 | D:3      | Reached skill level 1 in Summonings
  2295 | D:3      | Reached skill level 1 in Fighting
  2769 | D:3      | Reached skill level 7 in Ice Magic
  3331 | D:4      | Reached skill level 3 in Dodging
  3358 | D:4      | Reached XP level 7. HP: 49/49 MP: 8/14
  3367 | D:4      | Found a staircase to the Ecumenical Temple.
  3370 | D:4      | Reached skill level 2 in Summonings
  3372 | D:4      | Reached skill level 2 in Fighting
  3378 | Temple   | Entered the Ecumenical Temple
  3561 | Temple   | Became a worshipper of Vehumet
  3774 | D:4      | Reached skill level 5 in Spellcasting
  3780 | D:4      | Learned a level 4 spell: Hailstorm
  4313 | D:4      | Reached skill level 8 in Ice Magic
  4407 | D:5      | Entered Level 5 of the Dungeon
  4446 | D:5      | Found a stormy altar of Qazlal.
  4480 | D:5      | Reached skill level 1 in Conjurations
  4576 | D:5      | Reached * piety under Vehumet
  4576 | D:5      | Offered knowledge of Foxfire by Vehumet.
  4576 | D:5      | Reached skill level 3 in Fighting
  4600 | D:5      | Reached skill level 4 in Dodging
  4600 | D:5      | Reached XP level 8. HP: 44/58 MP: 4/16
  4602 | D:5      | Reached skill level 2 in Conjurations
  4668 | D:5      | Reached skill level 4 in Fighting
  4812 | D:5      | Found a glowing drain.
  4821 | Sewer    | Entered a sewer
  4938 | Sewer    | Offered knowledge of Sandblast by Vehumet.
  4991 | Sewer    | Reached ** piety under Vehumet
  5164 | Sewer    | Reached skill level 3 in Conjurations
  5217 | Sewer    | Reached skill level 6 in Spellcasting
  5287 | Sewer    | Reached skill level 5 in Dodging
  5287 | Sewer    | Offered knowledge of Mephitic Cloud by Vehumet.
  5591 | D:5      | Found a snail-covered altar of Cheibriados.
  5607 | D:5      | Reached *** piety under Vehumet
  5647 | D:5      | Reached skill level 5 in Fighting
  5839 | D:5      | Reached skill level 4 in Conjurations
  5862 | D:5      | Reached XP level 9. HP: 63/68 MP: 18/18
  5969 | D:6      | Reached skill level 6 in Dodging
  5972 | D:6      | Offered knowledge of Airstrike by Vehumet.
  5972 | D:6      | Reached skill level 6 in Fighting
  6144 | D:6      | Found Vuinah's Assorted Antiques.
  6202 | D:6      | Reached **** piety under Vehumet
  6204 | D:6      | Reached skill level 7 in Fighting
  6223 | D:6      | Found an ancient bone altar of Kikubaaqudgha.
  6256 | D:6      | Reached skill level 7 in Dodging
  6313 | D:6      | Offered knowledge of Bolt of Magma by Vehumet.
  6600 | D:6      | Bought a scroll of identify for 50 gold pieces
  6600 | D:6      | Bought a scroll of identify for 50 gold pieces
  6600 | D:6      | Bought a scroll of identify for 50 gold pieces
  6600 | D:6      | Bought a wand of acid (4) for 200 gold pieces
  6637 | D:7      | Noticed a manticore
  6649 | D:7      | Killed a manticore
  6649 | D:7      | Reached skill level 8 in Fighting
  6709 | D:7      | Reached skill level 8 in Dodging
  6725 | D:7      | Found a flagged portal.
  6877 | Bailey   | Entered a bailey
  7422 | Bailey   | HP: 5/75 [electric eel/bolt of electricity (9)]
  7423 | Bailey   | Reached XP level 10. HP: 6/82 MP: 11/19
  7821 | Bailey   | Found an iron altar of Okawaru.
  7821 | Bailey   | Noticed an orc high priest
  7821 | Bailey   | Noticed a kobold demonologist
  7833 | Bailey   | Killed an orc high priest
  7833 | Bailey   | Reached skill level 9 in Fighting
  7833 | Bailey   | Reached skill level 9 in Dodging
  8094 | Bailey   | Killed a kobold demonologist
  8094 | Bailey   | Reached skill level 10 in Fighting
  8173 | Bailey   | Reached ***** piety under Vehumet
  8178 | Bailey   | Offered knowledge of Sticky Flame by Vehumet.
  8186 | Bailey   | Learned a level 4 spell: Sticky Flame
  8534 | Bailey   | Identified the ring of the Circus Animal {+Fly rN+ Int+2}
                  | (You acquired it in a bailey)
  8535 | Bailey   | Found the +9 staff of Wucad Mu {channel, !a}
  8647 | Bailey   | Noticed an orc knight
  8654 | Bailey   | Killed an orc knight
  8654 | Bailey   | Reached skill level 10 in Dodging
  9076 | D:7      | Found a hazy altar of Hepliaklqana.
  9175 | D:7      | Noticed Menkaure
  9182 | D:7      | Killed Menkaure
  9248 | D:7      | Found an opulent altar of Gozag.
  9379 | D:7      | Found a burning altar of Makhleb.
  9379 | D:7      | Noticed a balrug
  9624 | D:8      | Identified +0 steam dragon scales
  9624 | D:8      | Noticed Maggie
  9627 | D:8      | Found a white marble altar of Elyvilon.
  9627 | D:8      | Found a glowing golden altar of the Shining One.
  9639 | D:8      | Killed Maggie
  9639 | D:8      | Reached skill level 11 in Fighting
  9639 | D:8      | Reached skill level 1 in Shields
  9723 | D:8      | Found a staircase to the Lair.
  9742 | D:8      | Reached skill level 2 in Shields
  9832 | D:8      | Reached XP level 11. HP: 93/93 MP: 15/20
  9891 | D:8      | Reached skill level 3 in Shields
  9892 | D:8      | Found a glowing silver altar of Zin.
 10101 | D:8      | Found Erecvoit's Gadget Shoppe.
 10200 | D:8      | Found a shattered altar of Ashenzari.
 10238 | D:8      | Found a shimmering blue altar of Sif Muna.
 10312 | D:8      | Found a sacrificial altar of Ru.
 10312 | D:8      | Found a sparkling altar of Nemelex Xobeh.
 10657 | D:9      | Offered knowledge of Fireball by Vehumet.
 10816 | D:9      | Reached skill level 11 in Dodging
 11018 | D:9      | Noticed a two-headed ogre
 11027 | D:9      | Killed a two-headed ogre
 11027 | D:9      | Reached skill level 4 in Shields
 11172 | D:9      | Found an ornate altar of the Wu Jian Council.
 11494 | D:10     | Entered Level 10 of the Dungeon
 11512 | D:10     | Reached skill level 12 in Fighting
 11599 | D:10     | Noticed a four-headed hydra
 11610 | D:10     | Killed a four-headed hydra
 11860 | D:10     | Reached skill level 12 in Dodging
 11928 | D:10     | Found a staircase to the Orcish Mines.
 12075 | D:10     | Offered knowledge of Orb of Destruction by Vehumet.
 12079 | D:10     | Identified 2 potions of resistance
 12233 | D:10     | Noticed a tengu warrior
 12240 | D:10     | Killed a tengu warrior
 12240 | D:10     | Reached skill level 5 in Shields
 12240 | D:10     | Reached skill level 9 in Ice Magic
 12406 | D:10     | Got a smoking jade amulet
 12549 | D:10     | Found a portal to a secret trove of treasure.
 12769 | D:11     | Killed an unseen horror
 12769 | D:11     | Reached XP level 12. HP: 90/102 MP: 10/22
 13116 | D:11     | Reached skill level 7 in Spellcasting
 13116 | D:11     | Reached skill level 10 in Ice Magic
 13152 | D:11     | Identified the amulet of Stoicism {Gourm rN+} (You found it
                  | on level 10 of the Dungeon)
 13228 | D:11     | Identified a +1 robe of resistance
 13315 | D:11     | Reached skill level 6 in Shields
 13932 | D:11     | Identified a scarf of resistance (You found it on level 11
                  | of the Dungeon)
 14125 | Lair:1   | Entered Level 1 of the Lair of Beasts
 14377 | Lair:1   | Reached skill level 11 in Ice Magic
 15237 | Lair:2   | Reached skill level 8 in Spellcasting
 15292 | Lair:2   | Noticed a death yak
 15292 | Lair:2   | Noticed a death yak
 15309 | Lair:2   | HP: 4/102 [death yak[a torpor snail] (22)]
 15309 | Lair:2   | Mangled by a death yak

Vanquished Creatures
  A two-headed ogre (D:9)
  An orc high priest (Bailey)
  A tengu warrior (D:10)
  An unseen horror (D:11)
  An orc knight (Bailey)
  2 manticores
  2 black mambas (Lair:1)
  2 centaur zombies (D:11)
  2 gargoyles
  3 spiny frogs
  Maggie (D:8)
  A kobold demonologist (Bailey)
  A troll (D:9)
  A hornet (D:11)
  3 hippogriffs
  Sigmund (D:2)
  7 yaks
  2 wyverns
  A two-headed ogre zombie (D:10)
  A basilisk (Lair:2)
  3 hungry ghosts
  Menkaure (D:7)
  2 water moccasins
  12 orc warriors
  3 porcupines
  9 phantoms
  2 sky beasts
  An eye of draining (D:11)
  An ice beast (D:5)
  2 black bears
  2 ogres
  8 centaurs
  A crocodile (Lair:1)
  5 big kobolds
  13 bullfrogs
  A gnoll sergeant (D:9)
  2 scorpions
  A troll zombie (D:10)
  A wight (D:11)
  3 howler monkeys (D:8)
  5 electric eels (Bailey)
  4 crimson imps
  A jelly (D:6)
  A centaur skeleton (D:11)
  4 orc priests
  6 hounds
  Crazy Yiuf (D:2)
  4 bullfrog skeletons
  11 orc wizards
  5 iguanas
  7 worker ants
  5 ogre zombies (D:10)
  A mummy (D:5)
  A worker ant zombie (D:11)
  A howler monkey skeleton (D:4)
  16 gnolls
  14 adders
  5 shadow imps
  10 oozes (Sewer)
  An adder zombie (D:7)
  2 worms
  2 dart slugs
  20 leopard geckos
  48 orcs
  10 giant cockroaches
  18 hobgoblins
  3 jackals (D:5)
  4 quokkas
  12 ball pythons
  6 bats
  15 frilled lizards
  A giant cockroach zombie (D:5)
  14 goblins
  A goblin skeleton (D:10)
  4 goblin zombies (D:10)
  2 hobgoblin skeletons (D:10)
  A jackal skeleton (D:4)
  26 kobolds
  A leopard gecko zombie (D:8)
  4 orc skeletons (D:10)
  11 orc zombies (D:10)
  7 rats
423 creatures vanquished.

Vanquished Creatures (collateral kills)
  A hydra (D:10)
  A hippogriff (D:10)
  A hungry ghost (D:10)
  An ice beast (D:5)
  An ogre (D:8)
  A howler monkey (D:8)
  A bullfrog skeleton (D:10)
  An iguana (D:8)
  An ogre zombie (D:10)
  A shadow imp (D:8)
  A giant cockroach (D:8)
  2 orc skeletons (D:10)
  An orc zombie (D:10)
14 creatures vanquished.

Vanquished Creatures (others)
  A fungus (Lair:1)
  5 plants (Lair:1)
6 creatures vanquished.

Grand Total: 443 creatures vanquished
